 Dungeon Crawl Stone Soup version 0.15.0-23-gc2b521c (webtiles) character file.

1570 MDvedh the Spear-Bearer (level 8, 0/56 HPs)
             Began as a Merfolk Death Knight on Sept 9, 2014.
             Was a Priest of Yredelemnul.
             Slain by a centaur (3 damage)
             ... on Level 5 of the Dungeon.
             The game lasted 00:12:07 (6227 turns).

MDvedh the Spear-Bearer (Merfolk Death Knight)      Turns: 6227, Time: 00:12:07

HP   0/56        AC 14     Str 16      XL: 8   Next: 90%
MP  12/12        EV  4     Int 15      God: Yredelemnul [***...]
Gold 154         SH  0     Dex 13      Spells:  0 memorised,  7 levels left

rFire  . . .     SeeInvis .     r - +0 trident
rCold  . . .     Clarity  +     s - +0 plate armour
rNeg   + . .     rCorr    .     (no shield)
rPois  .         rRot     .     g - +1 helmet
rElec  .         Spirit   .     b - +0 cloak
SustAb .         Warding  .     B - +0 pair of gloves
rMut   .         Stasis   .     (no boots)
Gourm  .                        k - amulet of clarity
MR     .....                    (no ring)
                                t - ring of positive energy

@: brilliant, not resistant to hostile enchantments, extremely unstealthy
A: change form in water, swift swim, berserk 1, blurry vision 1, clarity
a: Animate Dead, Recall Undead Slaves, Injury Mirror, Renounce Religion


You were on level 5 of the Dungeon.
You worshipped Yredelemnul.
Yredelemnul was most pleased with you.
You were not hungry.

You visited 1 branch of the dungeon, and saw 5 of its levels.

You collected 154 gold pieces.

Inventory:

Hand weapons
 a - a +2 spear
 r - a +0 trident (weapon)
Armour
 b - a +0 cloak (worn)
 g - a +1 helmet (worn)
 s - a +0 plate armour (worn)
 B - a +0 pair of gloves (worn)
Magical devices
 l - a wand of polymorph (13)
 q - a wand of random effects (16)
Comestibles
 c - 4 bread rations
 o - 3 meat rations
 v - a beef jerky
Scrolls
 i - a scroll of enchant weapon
 m - a scroll of remove curse
 n - 3 scrolls of teleportation
 y - a scroll of blinking
Jewellery
 k - an amulet of clarity (around neck)
 t - a ring of positive energy (left hand)
 u - an uncursed amulet of stasis
Potions
 e - a potion of invisibility
 j - 3 potions of haste
 w - a potion of restore abilities
 z - a potion of curing {unknown}
 C - a potion of berserk rage {unknown}
 D - a potion of heal wounds {unknown}


   Skills:
 - Level 2.1 Fighting
 + Level 14.8 Polearms
 - Level 0.6 Armour
 - Level 1.3 Dodging
 - Level 3.0 Invocations


You had 7 spell levels left.
You didn't know any spells.

Dungeon Overview and Level Annotations

Branches:
Dungeon (5/15)
 Temple: D:4-7

Altars:


Innate Abilities, Weirdness & Mutations

You revert to your normal form in water.
You are very nimble and swift while swimming.
You tend to lose your temper in combat.
Your vision is a little blurry.
You possess an exceptional clarity of mind.


Message History

Unknown command.
Drink which item? (? for menu, Esc to quit)
You feel momentarily confused.
It was a potion of confusion.
The centaur hits you but does no damage.
The centaur completely misses you.
Unknown command.
Drink which item? (? for menu, Esc to quit)
You feel extremely strange.
Your vision blurs.
Your thoughts seem clearer.
You feel a little pissed off.
It was a potion of mutation.
The centaur hits you but does no damage.
Unknown command.
Unknown command.
Drink which item? (? for menu, Esc to quit)
You feel clever all of a sudden.
It was a potion of brilliance.
The centaur hits you but does no damage.
The centaur hits you.
You die...
Your body rises from the dead as a mindless zombie.

#.# #.###.#.......#
#.## #.# .#
#c#.......####.## ...
................... ...
##.####........... ..).
§§§.##.##......## .....
#§#.##'##......# .....
#§#.#...#..###.#
.......###c#.#...#...
...
.......§§@§#.#...#....
#
.....#.###§#.#...#...##
..%......§......'...#
#.#.#...§.....##..# #
#........## .#
#........# ##.........
............
....<.######


You could see a centaur.

Vanquished Creatures
  Pikel (D:4)
  The ghost of dibs the Ruffian, an average MiMo (D:4)
  3 ogres
  The ghost of MDvedh the Poker, an average MfDK of Yredelemnul (D:3)
  4 slaves (D:4)
  Sigmund (D:5)
  A giant frog zombie (D:5)
  3 orc priests
  Crazy Yiuf (D:4)
  Natasha (twice) (D:3)
  An iguana (D:5)
  3 orc wizards
  2 ogre zombies (D:5)
  An ogre skeleton (D:4)
  A hound zombie (D:5)
  A hound skeleton (D:5)
  8 adders
  2 shadow imps
  2 giant mites
  5 worms
  An adder zombie (D:5)
  An iguana skeleton (D:5)
  9 giant geckos
  3 oozes
  12 orcs
  2 ball pythons
  11 bats
  5 giant cockroaches
  11 hobgoblins
  2 quokkas
  3 giant newts
  A giant newt zombie (D:5)
  10 goblins
  A hobgoblin skeleton (D:5)
  5 kobolds
  7 rats
  A rat skeleton (D:4)
  A rat zombie (D:5)
130 creatures vanquished.

Vanquished Creatures (collateral kills)
  An adder (D:3)
  An orc (D:3)
2 creatures vanquished.

Vanquished Creatures (others)
  A human zombie (D:4)
  An orc skeleton (D:3)
  An adder zombie (D:5)
  A felid skeleton (D:3)
  A kobold skeleton (D:4)
  2 orc zombies
7 creatures vanquished.

Grand Total: 139 creatures vanquished

Notes
Turn   | Place    | Note
--------------------------------------------------------------
     0 | D:1      | MDvedh, the Merfolk Death Knight, began the quest for the Orb.
     0 | D:1      | Reached XP level 1. HP: 16/16 MP: 2/2
   580 | D:1      | Reached skill level 4 in Polearms
   580 | D:1      | Reached XP level 2. HP: 22/22 MP: 3/3
   951 | D:1      | Reached skill level 5 in Polearms
   951 | D:1      | Reached XP level 3. HP: 27/27 MP: 5/5
  1290 | D:1      | Acquired Yredelemnul's second power
  1589 | D:2      | Reached skill level 6 in Polearms
  1692 | D:2      | Reached XP level 4. HP: 33/33 MP: 6/6
  2189 | D:2      | Reached skill level 7 in Polearms
  2468 | D:3      | Noticed MDvedh's ghost (average MfDK)
  2490 | D:3      | Killed MDvedh's ghost
  2490 | D:3      | Reached skill level 8 in Polearms
  2490 | D:3      | Reached XP level 5. HP: 29/38 MP: 8/8
  2611 | D:3      | Noticed Natasha
  2621 | D:3      | Killed Natasha
  2742 | D:3      | Reached XP level 6. HP: 41/44 MP: 9/9
  2980 | D:3      | Reached skill level 9 in Polearms
  3161 | D:3      | Acquired Yredelemnul's third power
  3336 | D:3      | Your ally Natasha died
  3800 | D:3      | Noticed Natasha
  3812 | D:3      | Killed Natasha
  4147 | D:4      | Reached skill level 10 in Polearms
  4529 | D:4      | Noticed Pikel
  4536 | D:4      | Killed Pikel
  4536 | D:4      | Reached skill level 12 in Polearms
  4536 | D:4      | Reached XP level 7. HP: 50/50 MP: 11/11
  4536 | D:4      | Reached XP level 8. HP: 56/56 MP: 12/12
  4615 | D:4      | Noticed Crazy Yiuf
  4616 | D:4      | Killed Crazy Yiuf
  4921 | D:4      | Noticed dibs' ghost (average MiMo)
  4948 | D:4      | Killed dibs' ghost
  4948 | D:4      | Reached skill level 13 in Polearms
  5566 | D:5      | Entered Level 5 of the Dungeon
  5572 | D:5      | Noticed Sigmund
  5588 | D:5      | Killed Sigmund
  5732 | D:5      | Reached skill level 14 in Polearms
  6226 | D:5      | Gained mutation: Your vision is a little blurry. [potion of mutation]
  6226 | D:5      | Gained mutation: You possess an exceptional clarity of mind. [potion of mutation]
  6226 | D:5      | Gained mutation: You tend to lose your temper in combat. [potion of mutation]
  6227 | D:5      | Slain by a centaur

Action                   |  1- 3 |  4- 6 |  7- 9 || total
-------------------------+-------+-------+-------++-------
Melee: Spear             |   136 |   345 |    72 ||   553
       Trident           |       |       |   142 ||   142
Invok: Animate Remains   |       |     1 |       ||     1
       Animate Dead      |       |     2 |     3 ||     5
       Recall Undead Sla |       |     1 |       ||     1
Evoke: Wand              |       |     2 |     2 ||     4
  Use: Scroll            |       |    13 |     2 ||    15
       Potion            |       |     1 |     3 ||     4
 Stab: Distracted        |       |       |     2 ||     2
  Eat: Chunk             |     2 |     8 |     3 ||    13
       Bread ration      |       |     1 |       ||     1
